ThisIsTheSuxx0r, neutral female scurrid Tourist | .| }}}.| ...}}}| }}}.. ---------------------------------------------- ..}...}}| }}}}}}......}}}}...}}}}}}}..}}.@....}}}}}}}}}}}}}}}}}}}}.....}}}| }}}}}}}...}}}}}}}}...}}.}..}}};.#.}}}}}}}}}...}}}}}.}}}}}}}...}}| }}}}}}}}}}}}}}.}}}}}}}}}}.}}}}}}}..}}.}}}.......}}.}}...}}}}}}}.- }}}}}}}}}}.....}}}}}}}}}}}}}}}}}}}}}}}}.....#..}}}}}}}}.}}}}}}... ThisIsTheSuxx0r the Rambler Experience level: 2 Strength: 12 Dexterity: 9 Constitution: 14 Intelligence: 14 Wisdom: 9 Charisma: 20 Health: 0(16) Energy: 4(4) Def: 0 Gold: 253 Moves: 100 Dungeon seed: 9bXAuvFkA-7peBXW Game ID: ThisIsTheSuxx0r_1498232187 Your Inventory: Coins $ - 253 gold pieces Weapons a - 35 uncursed very rusty +2 darts (in quiver) Armor e - an uncursed +0 Hawaiian shirt (being worn) Comestibles b - 5 uncursed food rations c - 3 uncursed tripe rations d - an uncursed chestnut f - an uncursed banana g - an uncursed cram ration h - an uncursed fortune cookie Scrolls j - 3 uncursed scrolls of blank paper k - a blessed scroll of blank paper Wands n - an uncursed thoroughly rusty wand of secret door detection (0:15) Tools l - an uncursed expensive camera (0:65) m - an uncursed credit card o - an uncursed oil lamp (0:1196) Spells and supernatural/magical abilities: Name Level Category Fail Memory W - pray for help -- divine ? -- Your skills at the end: Miscellaneous Skills wands [Basic] stealth [Basic] Weapon Skills dart [Basic] Spellcasting Skills Final Attributes: You were devoutly aligned. You had infravision. You were very stealthy. You are dead. Vanquished creatures: a jellyfish a kobold shaman a hobgoblin a grid bug 4 creatures vanquished. Voluntary challenges: You went without food. You did not adorn yourself with jewelry or accessories. You did not cause conflict. You were not invisible. You did not have reflection. You were not displaced. You were an atheist. You never hit with a wielded weapon. You did not use tools. You did not use plumbed fixtures. You were illiterate. You never genocided any monsters. You never polymorphed an object. You never changed form. You used no wishes. You never split a pudding. You never wrote Elbereth's name. You never violated your personal moral code. Dungeon overview: The Dungeons of Doom: levels 1 to 31 Level 1 a long staircase Level 2 Level 3 Level 4 Level 5 Level 6 Level 7 Level 8 Level 9 a fountain Level 10 a fountain Level 11 Level 12 Level 13 Level 14 Level 15 Level 16 Level 17 a fountain Level 18 Level 19 a fountain Level 20 Level 21 Level 22 Level 23 Level 24 Level 25 Level 26 Level 27 Level 28 Level 29 Level 30 some fountains Level 31 <- You were here some trees History has recorded: On T:1 you entered the Dungeons of Doom to retrieve the Amulet of Yendor! On T:4 you reached level 2 of The Dungeons of Doom. On T:6 you reached level 3 of The Dungeons of Doom. On T:8 you reached level 4 of The Dungeons of Doom. On T:10 you reached level 5 of The Dungeons of Doom. On T:13 you reached level 6 of The Dungeons of Doom. On T:15 you reached level 7 of The Dungeons of Doom. On T:17 you reached level 8 of The Dungeons of Doom. On T:19 you reached level 9 of The Dungeons of Doom. On T:22 you reached level 10 of The Dungeons of Doom. On T:24 you reached level 11 of The Dungeons of Doom. On T:26 you reached level 12 of The Dungeons of Doom. On T:28 you reached level 13 of The Dungeons of Doom. On T:31 you reached level 14 of The Dungeons of Doom. On T:33 you reached level 15 of The Dungeons of Doom. On T:35 you reached level 16 of The Dungeons of Doom. On T:37 you reached level 17 of The Dungeons of Doom. On T:40 you reached level 18 of The Dungeons of Doom. On T:40 you entered the Rogue tribute level. On T:42 you reached level 19 of The Dungeons of Doom. On T:44 you reached level 20 of The Dungeons of Doom. On T:46 you reached level 21 of The Dungeons of Doom. On T:49 you reached level 22 of The Dungeons of Doom. On T:51 you reached level 23 of The Dungeons of Doom. On T:53 you reached level 24 of The Dungeons of Doom. On T:55 you reached level 25 of The Dungeons of Doom. On T:58 you reached level 26 of The Dungeons of Doom. On T:60 you reached level 27 of The Dungeons of Doom. On T:62 you reached level 28 of The Dungeons of Doom. On T:64 you reached level 29 of The Dungeons of Doom. On T:67 you reached level 30 of The Dungeons of Doom. On T:79 you advanced to experience level 2. On T:82 you reached The Castle. Score breakdown: Gold: 222 ( 22 points) Experience: 2 levels ( 100 points) Exploration: 31 levels ( 900 points) Discoveries: 1 item ( 50 points) Variety of kills: 4 monsters ( 200 points) Major goal: (nothing yet) ( 0 points) Survival: died (score multiplied by 3) Total score: 3816 Latest messages: You sink like a rock. Your wand of secret door detection rusts! You try to crawl out of the water. Pheew! That was close. You feel much better. You feel much better. You fall into the water! You sink like a rock. Your darts rust! Your wand of secret door detection rusts further! You try to crawl out of the water. Pheew! That was close. You fall into the water! You sink like a rock. Your darts rust further! Your wand of secret door detection rusts completely! You try to crawl out of the water. Pheew! That was close. The shark bites! (2x) You die... Final status: Aloha ThisIsTheSuxx0r the Tourist, killed by a shark... You died in The Dungeons of Doom on dungeon level 31 with 3816 points, and 253 pieces of gold, after 100 moves. You were level 2 with a maximum of 16 hit points when you died.